 Dungeon Crawl Stone Soup version 0.30-a0-1043-g60ff8d5f49 (webtiles) character file.

Game seed: 1236030537162172609

110 funkygono the Chopper (level 4, 0/24 HPs)
             Began as a Vine Stalker Fighter on Apr 10, 2023.
             Killed by divine providence
             ... invoked by an orc priest
              (12 damage)
             ... on level 3 of the Dungeon.
             The game lasted 00:04:09 (1864 turns).

funkygono the Chopper (Vine Stalker Fighter)        Turns: 1864, Time: 00:04:11

Health: 0/24       AC: 13    Str: 21    XL:     4   Next: 91%
Magic:  0/5        EV:  9    Int:  8    God:
Gold:   93         SH:  4    Dex: 13    Spells: 3/3 levels left

rFire   x . .      SeeInvis .    a - +0 war axe
rCold   + + .      Faith    .    c - +0 buckler
rNeg    . . .      Spirit   +    m - +0 ice dragon scales
rPois   .          Reflect  .    (no helmet)
rElec   .          Rampage  .    h - +0 cloak
rCorr   .                        j - +0 pair of gloves
Will    .....                    n - +0 pair of boots Stlth
                                 q - amulet of the acrobat
HPRegen 1.04/turn                s - ring of flight
MPRegen 0.09/turn                (no ring)

@: flying
A: fangs 2, regeneration 1, magic shield, antimagic bite, no potion heal 2
a: no special abilities


You were on level 3 of the Dungeon.
You visited 1 branch of the dungeon, and saw 4 of its levels.

You collected 93 gold pieces.

Inventory:

Hand Weapons
 a - a +0 war axe (weapon)
 u - the +9 mace "Jizxa" {vamp, rCorr}
   (You found it on level 3 of the Dungeon)

   rCorr:     It protects you from acid and corrosion.
Missiles
 p - 2 silver javelins (quivered)
 t - 6 boomerangs
Armour
 b - a +0 scale mail
 c - a +0 buckler (worn)
 h - a +0 cloak (worn)
 j - a +0 pair of gloves (worn)
 m - +0 ice dragon scales (worn)
 n - a +0 pair of boots (worn)
Jewellery
 k - a +6 ring of intelligence
 q - an amulet of the acrobat (around neck)
 s - a ring of flight (left hand)
Scrolls
 e - a scroll of fear
 l - a scroll of noise {unknown}
Potions
 d - 2 potions of might
 f - 3 potions of heal wounds
 g - 2 potions of curing {unknown}
 i - a potion of attraction
 o - a potion of magic
 r - 2 potions of haste
 v - a potion of resistance {unknown}


   Skills:
 + Level 3.0 Fighting
 + Level 3.2 Axes
 + Level 3.0 Armour
 + Level 0.3 Dodging
 + Level 0.2 Stealth
 + Level 3.1 Shields


You had 3 spell levels left.
You didn't know any spells.
Your spell library contained the following spells:

 Spells                   Type           Power      Damage    Failure   Level
 Cigotuvi's Dreadful Rot  Necr/Pois/Air  0%         N/A       96%         2
 Dispel Undead            Necr           0%         3d6       100%        4
 Death Channel            Necr           0%         N/A       100%        6


Dungeon Overview and Level Annotations

Branches:
Dungeon (4/15)
 Temple: D:4-7

Altars:
Ru

Shops:
D:4 !

Annotations:
D:3 Grinder


Innate Abilities, Weirdness & Mutations

You have extremely sharp teeth.
Your natural rate of healing is unusually fast.
When hurt, damage is shared between your health and your magic reserves.
Your bite disrupts and absorbs the magic of your enemies.
Potions cannot restore your health.


Message History

The orc wizard casts a spell.
The orc wizard flickers and vanishes!
You hear a shout!
The orc attacks as you move away! You block the orc's attack.
You hear a shout!
You block Grinder's attack.
The orc priest calls upon Beogh to heal the orc.
The orc's wounds heal themselves!
An orc comes into view. It is wielding a +0 short sword.
Grinder completely misses you.
The orc priest begins to cast a cantrip, but forgets the words!
You block Grinder's attack.
An orc comes into view. It is wielding a +0 club.
The orc attacks as you move away! The orc misses you.
Grinder attacks as you move away! You block Grinder's attack.
The orc attacks as you move away! The orc barely misses you.
Grinder attacks as you move away! Grinder misses you.
The orc priest looks satisfied for a moment.
Grinder attacks as you move away! You block Grinder's attack.
Grinder says, "Mostly I couldn't keep them alive."
Grinder attacks as you move away! Grinder completely misses you.
The orc priest invokes the aid of Beogh against you.
Beogh smites you!
The orc priest looks encouraged for a moment.
You slash Grinder! Your bite misses Grinder.
Grinder is moderately wounded.
Grinder blinks!
You hit Grinder but do no damage.
Grinder is moderately wounded.
Grinder closely misses you. x2
You barely miss Grinder.
Grinder is moderately wounded.
Grinder hits you but does no damage.
You slash Grinder!
Grinder is heavily wounded.
Grinder hits you!
You writhe in agony.
The orc priest calls down the wrath of Beogh upon you.
Beogh smites you!
Ouch! That really hurt!
You die...

##.......##
##........
#........
#.####### #.#
##########.#
#.###.......[..#
#..)..##########
#####@# #5# #o#
######o#######
#......o.....#
#.####{#####.#
##o..# .
#.Bo.###...#
#........#


You could see Grinder, an orc priest, 4 orcs and a giant cockroach.

Vanquished Creatures
  3 adders
  An ufetubus (D:4)
  4 worms
  5 dart slugs
  7 ball pythons
  A bat (D:2)
  7 endoplasms
  4 giant cockroaches
  4 goblins
  5 hobgoblins
  4 kobolds
  2 quokkas
  4 frilled lizards
  6 rats
57 creatures vanquished.

Vanquished Creatures (others)
  A ball python (D:2)
  9 plants (D:1)
10 creatures vanquished.

Grand Total: 67 creatures vanquished

Notes
Turn   | Place    | Note
-------+----------+-------------------------------------------
     0 | D:1      | funkygono the Vine Stalker Fighter began the quest for the
                  | Orb.
     0 | D:1      | Reached XP level 1. HP: 11/11 MP: 2/2
   215 | D:1      | Reached XP level 2. HP: 16/16 MP: 3/3
   678 | D:1      | Reached XP level 3. HP: 16/20 MP: 2/4
   806 | D:2      | Found a sacrificial altar of Ru.
   971 | D:2      | You fall into a shaft and drop 2 floors!
  1140 | D:4      | Gained mutation: Your natural rate of healing is unusually
                  | fast. [Vine Stalker growth]
  1140 | D:4      | Reached XP level 4. HP: 24/24 MP: 5/5
  1260 | D:4      | Found Wasadd's Distillery.
  1675 | D:3      | Found a faded altar of an unknown god.
  1761 | D:3      | Identified the +9 mace "Jizxa" {vamp, rCorr}
  1824 | D:3      | Identified the +0 robe "Hier" {rPois Str+4}
  1848 | D:3      | Noticed Grinder
  1864 | D:3      | Killed from afar by an orc priest

Illustrated notes

Levels and vault maps discovered:
D:1:      dpeg_arrival_lava_temple_mockup, layout_loops_ring, serial_bayou,
          serial_bayou_lagoon_b, serial_bayou_crossing, serial_bayou_pond_b,
          serial_bayou_pond_b
D:2:      layout_rooms, basic_altar, serial_park_tiny_pond, grunt_ministairs_13
D:3:      layout_loops_ring, nicolae_ecumenical_pavilion, uniq_grinder
D:4:      layout_gridville, serial_glass, glass_columns_c, glass_columns_a,
          serial_shops, nicolae_shop_advertising_works
          [nicolae_subvault_shop_adworks], nicolae_wormholes

Skill      XL: |  1  2  3  4 |
---------------+-------------+-----
Axes           | 2 3 |  3.2
Fighting       | 3 |  3.0
Shields        | 3 |  3.1
Armour         | 3 |  3.0
Dodging        | |  0.3
Stealth        | |  0.2

Action                     |  1- 3 |  4- 6 || total
---------------------------+-------+-------++-------
  Melee: War axe           |    76 |    57 ||   133
         Bite              |    15 |    12 ||    27
    Use: Scroll            |     2 |     6 ||     8
 Armour: Scale mail        |    24 |       ||    24
         Ice dragon scales |     7 |    37 ||    44
  Dodge: Dodged            |    36 |    41 ||    77
  Block: Buckler           |    15 |    19 ||    34

Table legend: (Time is in decaauts)
 A = Elapsed time spent in this place.
 B = Non-inter-level travel time spent in this place.
 C = Inter-level travel time spent in this place.
 D = Time resting spent in this place.
 E = Time spent auto-exploring this place.
 F = Levels seen in this place.
 G = Mean time per level.
                   A        B        C        D        E       F      G
               +--------+--------+--------+--------+--------+-----+--------+
         Total |   1942 |   1895 |     47 |      0 |   1341 |   4 |  485.5 |
       Dungeon |   1942 |   1895 |     47 |      0 |   1341 |   4 |  485.5 |
               +--------+--------+--------+--------+--------+-----+--------+

Top non-repeatable levels by time:
     D:1: 794 daAuts
     D:2: 633 daAuts
     D:4: 313 daAuts
     D:3: 200 daAuts
